Map: Dusty Gorge

Players

psidza - Winner!

  • Race: Terran Terran
  • League: Gold
  • Spawn Location: 3:00

ILIEKEGGPIE - Winner!

  • Race: Protoss Protoss
  • League: Platinum
  • Spawn Location: 5:00

onlyblood

  • Race: Terran Terran
  • League: Gold
  • Spawn Location: 11:00

llllllllllll

  • Race: Zerg Zerg
  • Spawn Location: 9:00

VOD

Have the link to the VOD?

Description

Time

  • Played on: May 26, 2018, 10:47 a.m.
  • Length: 12:40
Show
View Real Time Build Order
Export as new Build Order

psidza Terran - Winner!

Build Orders: MMM Bio 

Get SALT Encoding   

  12  0:01  SCV  
  13  0:22  SCV  
  13  0:23  Supply Depot  
  14  0:34  SCV  
  15  0:43  Refinery  
  15  0:47  Barracks  
  15  0:50  SCV  
  16  1:07  SCV  
  17  1:19  SCV  
  18  1:31  SCV  
  19  1:34  Reaper  
  20  1:43  SCV  
  21  1:50  Command Center  
  21  1:55  SCV  
  22  2:09  Factory  
  22  2:17  Refinery  
  22  2:20  Supply Depot  
  22  2:22  SCV  
  23  2:29  Barracks Reactor  
  23  2:42  SCV  
  24  3:30  Orbital Command  
  24  3:33  SCV  
  25  3:44  Starport, Hellion x2  
  25  3:45  SCV  
  30  3:53  Supply Depot  
  30  3:57  SCV  
  31  4:03  SCV  
  31  4:07  Hellion  
  31  4:08  Hellion  
  31  4:09  SCV  
  37  4:13  Supply Depot  
  37  4:14  Supply Depot  
  37  4:15  SCV  
  37  4:16  Supply Depot  
  38  4:21  SCV  
  39  4:27  SCV  
  39  4:29  Hellion  
  39  4:30  Hellion  
  44  4:32  Starport Reactor  
  44  4:33  SCV  
  44  4:34  Barracks Tech Lab  
  45  4:39  SCV  
  46  4:50  Hellion  
  46  4:51  SCV  
  46  4:52  Hellion  
  50  5:03  SCV  
  51  5:07  SCV  
  51  5:11  Hellion  
  51  5:13  Hellion  
  56  5:15  SCV  
  57  5:23  Barracks  
  57  5:27  SCV  
  58  5:32  Orbital Command, Barracks  
  58  5:33  Hellion  
  58  5:35  Hellion  
  62  5:38  Barracks  
  44  6:01  SCV  
  45  6:04  Stimpack  
  45  6:06  SCV  
  46  6:13  SCV  
  48  6:18  SCV  
  48  6:25  SCV  
  43  6:30  SCV  
  42  6:37  SCV  
  41  6:42  SCV  
  32  6:49  SCV  
  31  6:54  SCV  
  31  6:56  Barracks Reactor  
  31  6:57  Barracks Reactor x2  
  31  7:00  Hellion x2  
  36  7:06  Armory, Marine  
  37  7:15  Command Center  
  37  7:22  Supply Depot x3  
  37  7:24  Supply Depot, Marine  
  37  7:25  Supply Depot  
  38  7:39  Marine x3  
  38  7:40  Marine x3  
  38  7:42  Marine  
  45  7:48  Medivac x2  
  49  7:57  Marine x4  
  49  7:58  Marine x2  
  55  8:00  Cyclone, Marine  
  55  8:01  Cyclone  
  55  8:05  Combat Shields  
  62  8:15  Marine x5  
  62  8:16  Marine  
  62  8:17  Marine  
  62  8:18  SCV  
  70  8:30  SCV  
  70  8:33  Marine x6  
  77  8:35  Marine  
  78  8:42  Medivac, SCV  
  78  8:43  Medivac  
  78  8:45  Cyclone  
  86  8:50  Marine  
  86  8:51  Marine x5  
  86  8:53  Marine  
  86  8:54  SCV  
  94  9:06  SCV  
  94  9:08  Marine x2  
  94  9:09  Marine x4  
  101  9:11  Marine  
  97  9:26  Marine x3  
  97  9:27  Marine x3  
  97  9:29  Marine  
  79  9:44  Marine x4  
  79  9:45  Marine x2  
  85  9:47  Marine  
  85  9:48  SCV x2  
  85  9:49  SCV  
  89  9:54  Medivac x2  
  93  10:00  SCV x2  
  93  10:01  SCV  
  93  10:02  Marine x6  
  93  10:03  Cyclone  
  93  10:04  Marine  
  106  10:12  SCV  
  106  10:13  SCV x2  
  109  10:19  Marine, Cyclone  
  109  10:20  Marine x5  
  118  10:22  Marine  
  118  10:24  SCV  
  118  10:25  SCV x2  
  122  10:35  Cyclone  
  122  10:37  Marine x2, SCV x2  
  122  10:38  Marine x4  
  133  11:03  Supply Depot x2  
  133  11:05  Supply Depot  
  133  11:07  Supply Depot  
  133  11:24  Cyclone, Marine x5  
  133  11:25  Marine x2  
  143  11:29  Supply Depot  
  143  11:30  Cyclone, Supply Depot x2  
  143  11:31  Supply Depot  
  146  11:33  Command Center  
  146  11:42  Marine x7  
  153  11:55  Engineering Bay, Supply Depot  
  153  11:56  Engineering Bay  
  153  11:57  Cyclone  
  153  12:00  Reaper x2, Marine x3  
  153  12:01  Reaper x2  
  163  12:02  Cyclone  
  166  12:18  Marine x3  
  174  12:31  Refinery x2  
Show
View Real Time Build Order
Export as new Build Order

ILIEKEGGPIE Protoss - Winner!

Build Orders:  

Get SALT Encoding   

  12  0:01  Probe  
  13  0:13  Probe  
  14  0:18  Pylon  
  14  0:26  Probe  
  15  0:34  Probe  
  16  0:47  Gateway  
  16  0:48  Probe  
  17  1:00  Probe  
  17  1:02  Assimilator  
  18  1:10  Gateway  
  18  1:12  Probe  
  19  1:19  Pylon  
  19  1:40  Cybernetics Core  
  19  1:44  Probe  
  20  2:03  Nexus  
  20  2:16  Warp Gate  
  20  2:17  Stalker  
  22  2:23  Stalker  
  22  2:27  Assimilator  
  22  2:29  Probe  
  25  2:40  Probe  
  26  2:48  Probe  
  27  2:59  Stalker x2  
  31  3:10  Pylon  
  31  3:11  Probe  
  31  3:12  Probe  
  31  3:19  Probe  
  33  3:20  Probe  
  35  3:28  Probe  
  35  3:29  Probe  
  37  3:36  Stalker  
  37  3:38  Stalker  
  37  3:40  Probe  
  42  3:51  Robotics Facility  
  42  3:52  Probe  
  43  4:02  Probe  
  43  4:04  Gateway  
  43  4:06  Probe  
  49  4:18  Probe  
  46  4:28  Gateway x2  
  46  4:34  Stalker x2  
  46  4:36  Probe x2  
  46  4:38  Assimilator  
  52  4:40  Pylon  
  52  4:42  Assimilator  
  52  4:46  Pylon  
  52  4:55  Probe  
  52  4:58  Observer, Probe  
  54  5:03  Probe  
  54  5:06  Probe  
  55  5:11  Probe  
  55  5:13  Forge x2  
  57  5:20  Forge  
  58  5:29  Observer  
  58  5:34  Protoss Ground Armor Level 1, Protoss Ground Weapons Level 1  
  59  5:45  Stalker x4  
  67  5:51  Observer  
  68  6:01  Twilight Council  
  68  6:07  Pylon  
  68  6:11  Pylon  
  68  6:29  Probe  
  68  6:31  Immortal  
  73  7:07  Charge  
  73  7:09  Stalker  
  73  7:10  Stalker x3  
  73  7:11  Immortal  
  81  7:37  Nexus  
  81  7:39  Protoss Ground Armor Level 2, Protoss Ground Weapons Level 2, Pylon  
  81  7:40  Pylon  
  81  7:41  Pylon  
  81  7:42  Pylon  
  79  7:44  Assimilator  
  79  7:48  Immortal  
  79  7:49  Assimilator  
  79  7:51  Pylon  
  83  7:53  Pylon  
  83  7:56  Pylon  
  83  7:58  Robotics Facility  
  83  8:09  Pylon  
  83  8:10  Pylon  
  83  8:23  Gateway  
  83  8:25  Gateway x2  
  82  8:34  Gateway  
  82  8:35  Gateway  
  82  8:37  Immortal  
  82  8:40  Gateway, Sentry x3  
  82  8:41  Sentry  
  94  8:51  Gateway  
  94  9:11  Probe  
  94  9:15  Probe x2  
  97  9:20  Probe  
  98  9:27  Probe x2  
  100  9:31  Blink  
  98  9:40  Protoss Ground Weapons Level 3  
  98  9:43  Zealot x4  
  106  9:55  Immortal  
  106  9:57  Immortal  
  114  10:00  Robotics Bay  
  114  10:25  Zealot x3  
  114  10:26  Zealot x4  
  128  10:33  Immortal  
  132  10:38  Colossus  
  126  11:03  Colossus  
  114  11:17  Pylon  
  114  11:18  Pylon  
  118  11:33  Immortal  
  122  11:41  Probe x3  
  125  11:51  Zealot x2  
  125  11:52  Zealot x5  
  125  11:53  Probe  
  140  11:57  Immortal  
Show
View Real Time Build Order
Export as new Build Order

onlyblood Terran 

Build Orders: MMM Bio 

Get SALT Encoding   

  12  0:01  SCV  
  13  0:13  SCV  
  14  0:20  Supply Depot  
  14  0:25  SCV  
  15  0:31  Refinery  
  15  0:42  SCV  
  16  0:49  Barracks  
  16  0:54  SCV  
  17  1:06  SCV  
  18  1:18  SCV  
  19  1:25  Refinery  
  19  1:36  Orbital Command  
  19  1:44  Supply Depot, Barracks Tech Lab  
  19  1:55  Factory  
  19  2:04  Marauder  
  19  2:06  Supply Depot, SCV  
  22  2:21  SCV  
  23  2:25  Marine  
  23  2:27  Concussive Shells  
  24  2:33  SCV  
  24  2:36  Engineering Bay  
  25  2:44  Factory Tech Lab  
  25  2:49  Starport  
  25  2:50  Marine  
  26  3:15  Command Center  
  26  3:17  Marine  
  27  3:23  Siege Tank  
  30  3:30  Medivac  
  32  3:39  Marine  
  33  3:43  Stimpack  
  33  3:49  Terran Infantry Weapons Level 1  
  33  3:57  Supply Depot, Marine  
  34  4:11  Medivac  
  34  4:15  Marine  
  37  4:22  SCV  
  38  4:26  Siege Tank  
  41  4:33  Marine  
  41  4:38  Orbital Command  
  42  4:51  Marauder  
  44  5:08  SCV  
  44  5:12  Marine  
  46  5:19  Siege Tank  
  46  5:20  SCV  
  50  5:31  Marauder  
  50  5:32  SCV  
  53  5:44  SCV  
  54  5:52  Marauder  
  54  5:56  SCV  
  57  5:59  Siege Tank  
  60  6:05  Supply Depot, Terran Infantry Armor Level 1  
  60  6:08  SCV  
  61  6:11  Refinery  
  61  6:15  Refinery  
  61  6:21  SCV  
  62  6:27  Marauder  
  64  6:33  SCV  
  65  6:45  SCV  
  53  6:48  Marine  
  51  6:58  SCV  
  52  7:06  Marauder  
  54  7:11  SCV  
  55  7:23  SCV  
  55  7:27  Marine  
  57  7:35  SCV  
  58  7:45  Marine  
  58  7:46  Medivac  
  58  7:47  SCV  
  58  7:50  Combat Shields  
  62  7:52  Siege Tank  
  65  7:59  SCV  
  65  8:02  Marine  
  67  8:11  SCV  
  68  8:15  Supply Depot  
  68  8:16  Medivac  
  70  8:20  Armory  
  70  8:28  Supply Depot  
  70  8:37  Marauder, SCV, Siege Tank  
  76  8:45  Medivac, Factory  
  78  8:50  SCV  
  79  8:58  Marauder  
  79  9:02  SCV  
  82  9:14  SCV  
  86  9:17  Siege Tank  
  86  9:29  SCV  
  86  9:30  Marauder  
  60  9:46  Factory Tech Lab  
  60  9:51  Marauder, Medivac  
  62  9:53  Barracks  
  61  10:13  Marauder  
  63  10:23  Barracks  
  63  10:25  Medivac  
  65  10:30  Barracks  
  65  10:34  Marauder  
  67  10:38  Barracks  
  67  10:53  Barracks Reactor  
  67  10:55  Marauder, Medivac  
  71  10:58  Barracks  
  71  11:24  Marauder, Marine  
  76  11:31  Barracks Tech Lab  
  75  11:34  Barracks Tech Lab  
  75  11:36  Siege Tank  
  75  11:37  Siege Tank  
  80  11:42  Marine  
  80  11:45  Supply Depot  
  80  11:46  Marauder, Supply Depot  
  83  11:47  SCV  
  83  11:51  Supply Depot, Marine x2  
  86  12:02  Supply Depot  
  86  12:05  Supply Depot  
  86  12:06  Marauder, Marine x3, SCV  
  86  12:07  Marauder  
  94  12:08  Marine  
  94  12:09  Supply Depot, Marine  
Show
View Real Time Build Order
Export as new Build Order

llllllllllll Zerg 

Build Orders: Pool First 

Get SALT Encoding   

  12  0:02  Drone  
  13  0:12  Drone  
  14  0:27  Spawning Pool  
  13  0:35  Overlord  
  13  0:40  Drone  
  14  0:43  Extractor  
  14  0:48  Drone  
  14  1:00  Drone x2  
  16  1:26  Drone  
  17  1:33  Drone  
  17  1:38  Hatchery  
  17  1:46  Metabolic Boost  
  17  1:48  Drone x2  
  19  1:55  Drone  
  20  2:04  Extractor  
  19  2:11  Evolution Chamber  
  19  2:12  Drone  
  19  2:13  Evolution Chamber  
  18  2:21  Queen  
  20  2:30  Drone  
  20  2:33  Overlord  
  21  2:48  Zerg Melee Weapons Level 1  
  21  3:04  Zerg Ground Armor Level 1  
  20  3:12  Queen  
  22  3:19  Drone  
  24  3:20  Drone x2  
  25  3:32  Lair  
  24  3:46  Overlord  
  24  3:53  Drone x3  
  27  4:09  Drone x3  
  31  4:10  Drone x2  
  32  4:26  Zergling x2  
  32  4:27  Zergling x4  
  35  4:33  Spore Crawler  
  34  4:38  Infestation Pit  
  34  4:39  Spore Crawler  
  32  4:47  Drone x3  
  35  4:57  Drone x3  
  38  5:03  Zerg Melee Weapons Level 2  
  38  5:15  Zerg Ground Armor Level 2  
  38  5:28  Hive  
  38  5:33  Drone  
  38  5:34  Drone x2  
  41  5:39  Drone  
  41  5:40  Drone x2  
  41  5:42  Overlord  
  44  5:57  Roach Warren  
  43  6:05  Baneling Nest  
  43  6:06  Drone  
  43  6:07  Drone x6, Extractor  
  43  6:08  Extractor  
  27  6:39  Roach  
  38  6:40  Roach x6  
  38  6:47  Roach x2  
  44  7:05  Roach x2  
  43  7:35  Drone x2  
  45  7:49  Ultralisk Cavern  
  44  7:57  Drone x2  
  46  8:03  Drone  
  46  8:05  Drone  
  48  8:11  Glial Reconstitution  
  48  8:25  Drone x2  
  50  8:38  Drone x2  
  50  8:40  Chitinous Plating  
  52  8:42  Overlord  
  52  8:46  Overlord  
  52  9:08  Ultralisk  
  58  9:12  Drone  
  58  9:13  Drone  
  60  9:23  Ultralisk  
  60  9:24  Drone x2  
  68  9:35  Drone x4  
  54  10:00  Ultralisk  
  54  10:01  Zergling x10  
  54  10:03  Zergling x2  
  66  10:20  Drone  
  67  10:24  Hatchery  
  67  10:27  Adrenal Glands  
  63  10:46  Zergling x2  
  63  10:47  Zergling x6  
  63  10:49  Overlord x2  
  52  11:05  Zergling x14  
  52  11:06  Zergling x2  
  54  11:17  Zergling x4  
Tags
 
Add a new tag
Caveats
  • Supply blocks, unpowered buildings, or Contaminate may cause inaccurate times.
  • Supply counts are checked every 10 seconds.